[Event "Titled Tuesday Blitz September 13 Early 2022"]
[White "Visakh N R"]
[Black "Gurel, Ediz"]
[WhiteFideId "25012223"]
[BlackFideId "44507356"]
[WhiteElo "2448"]
[BlackElo "1894"]
[Result "0-1"]
[Round "06"]
[TimeControl "180+1"]
[Date "2022.09.13"]
[WhiteClock "0:00:29"]
[BlackClock "0:00:09"]

1. e4 c5 2. Nf3 e6 3. b3 b6 4. c4 Bb7 5. Nc3 Nc6 6. Bb2 d6 7. Be2 Nf6 8. O-O e5 9. d3 Be7 10. Nd5 O-O 11. a3 Nxd5 12. cxd5 Nd4 13. Nxd4 cxd4 14. a4 Rc8 15. Bg4 Rc7 16. Rc1 g6 17. Rxc7 Qxc7 18. Qc1 Qb8 19. f4 f5 20. exf5 gxf5 21. Bh3 Bxd5 22. fxe5 dxe5 23. Bxf5 Qd6 24. Qe1 Kh8 25. Ba3 Qf6 26. Bxe7 Qxe7 27. b4 Bxg2 28. Kxg2 Qg5+ 29. Qg3 Rxf5 30. Qxg5 Rxg5+ 31. Kh3 Kg7 32. Rc1 Rf5 33. Kg3 Kg6 34. a5 bxa5 35. bxa5 a6 36. Rc6+ Rf6 37. Rb6 Kf5 38. Kf3 Rg6 39. h4 h5 40. Kf2 Rg4 41. Rxa6 Rxh4 42. Ra8 Rh2+ 43. Kg3 Rd2 44. a6 Rxd3+ 45. Kh4 Ra3 46. a7 Ke4 47. Kxh5 d3 48. Kg4 Ke3 49. Kf5 e4 0-1


[Site "https://www.chess.com"]

[Event "Titled Tuesday Blitz September 13 Early 2022"]
[White "Xiong, Jeffery"]
[Black "Ter-Sahakyan, Samvel"]
[WhiteFideId "2047640"]
[BlackFideId "13302531"]
[WhiteElo "2714"]
[BlackElo "2604"]
[Result "1/2-1/2"]
[Round "06"]
[TimeControl "180+1"]
[Date "2022.09.13"]
[WhiteClock "0:00:36"]
[BlackClock "0:00:54"]

1. e4 c6 2. d4 d5 3. exd5 cxd5 4. c4 Nf6 5. Nc3 e6 6. Nf3 Bb4 7. cxd5 Nxd5 8. Bd2 Bd7 9. Nxd5 Bxd2+ 10. Qxd2 exd5 11. Bd3 Qe7+ 12. Qe3 Qxe3+ 13. fxe3 Nc6 14. Kd2 f6 15. Rac1 Ke7 16. e4 dxe4 17. Bxe4 Kd6 18. Rhe1 Rad8 19. Rc3 g6 20. Rb3 Na5 21. Rc3 Nc6 22. Rb3 Na5 23. Rc3 Nc6 1/2-1/2


[Site "https://www.chess.com"]

[Event "Titled Tuesday Blitz September 13 Early 2022"]
[White "Yaniuk, Volodymyr"]
[Black "Bok, Benjamin"]
[WhiteFideId "14133083"]
[BlackFideId "1017063"]
[WhiteElo "2141"]
[BlackElo "2658"]
[Result "0-1"]
[Round "06"]
[TimeControl "180+1"]
[Date "2022.09.13"]
[WhiteClock "0:00:15"]
[BlackClock "0:00:17"]

1. d4 Nf6 2. c4 e6 3. g3 c5 4. d5 exd5 5. cxd5 d6 6. Nc3 g6 7. Bg2 Bg7 8. Nf3 O-O 9. O-O Re8 10. Bf4 h6 11. h3 g5 12. Bc1 Bf5 13. Nd2 a6 14. a4 Nbd7 15. e4 Bh7 16. Re1 Ne5 17. Re3 g4 18. Qe2 h5 19. a5 gxh3 20. Bxh3 Nfg4 21. Rf3 Nxf3+ 22. Qxf3 f5 23. Ra4 Qg5 24. Nb3 fxe4 25. Nxe4 Qxd5 26. Bxg4 Bxe4 27. Rxe4 Qxe4 28. Bxh5 Qxf3 29. Bxf3 c4 30. Bd5+ Kh8 31. Bxc4 Rac8 32. Bf1 Rc2 33. Be3 Rxb2 34. Nd4 Rxe3 35. fxe3 Bxd4 36. exd4 Ra2 37. Bg2 Rxa5 38. Bxb7 Ra2 39. g4 a5 40. Kf1 a4 41. Ke1 a3 42. Kd1 Rb2 43. Kc1 Rxb7 0-1


[Site "https://www.chess.com"]

[Event "Titled Tuesday Blitz September 13 Early 2022"]
[White "Zhigalko, Sergei"]
[Black "Indjic, Aleksandar"]
[WhiteFideId "13502956"]
[BlackFideId "911925"]
[WhiteElo "2662"]
[BlackElo "2592"]
[Result "1-0"]
[Round "06"]
[TimeControl "180+1"]
[Date "2022.09.13"]
[WhiteClock "0:00:05"]
[BlackClock "0:00:24"]

1. e4 e5 2. Nf3 Nc6 3. Bb5 a6 4. Ba4 Bc5 5. O-O d6 6. c3 Ba7 7. d4 Bd7 8. Re1 Nge7 9. Be3 Ng6 10. Nbd2 O-O 11. Nf1 h6 12. Ng3 Nh4 13. Bxc6 Bxc6 14. dxe5 Bxe3 15. Rxe3 Nxf3+ 16. Qxf3 dxe5 17. Nf5 Kh7 18. Qh5 Qg5 19. Qxg5 hxg5 20. Rh3+ Kg6 21. Ne7+ Kf6 22. Nxc6 bxc6 23. Rd1 Rfd8 24. Rhd3 Rxd3 25. Rxd3 Rb8 26. Rd2 Ke6 27. f3 g6 28. Kf2 Rb5 29. Ke3 a5 30. Kd3 Ke7 31. a4 Rb6 32. Kc4 f5 33. h3 Ra6 34. Kc5 Rb6 35. b4 Ra6 36. Ra2 Kf6 37. b5 cxb5 38. axb5 Ra7 39. c4 g4 40. hxg4 fxg4 41. fxg4 Kg5 42. Kc6 Kf4 43. c5 Kxe4 44. b6 cxb6 45. cxb6 Rf7 46. b7 Rf8 47. Rxa5 Rb8 48. Ra8 Rxb7 49. Kxb7 Kf4 50. Kc6 e4 51. Kd5 e3 52. Re8 1-0


[Site "https://www.chess.com"]

[Event "Titled Tuesday Blitz September 13 Early 2022"]
[White "Zierk, Steven"]
[Black "Maksimovic, Bojan"]
[WhiteFideId "2034255"]
[BlackFideId "14408120"]
[WhiteElo "2494"]
[BlackElo "2447"]
[Result "0-1"]
[Round "06"]
[TimeControl "180+1"]
[Date "2022.09.13"]
[WhiteClock "0:00:10"]
[BlackClock "0:00:05"]

1. e4 g6 2. d4 Bg7 3. Nc3 d6 4. Be3 a6 5. h4 h5 6. Nf3 b5 7. Ng5 Nf6 8. e5 dxe5 9. Qf3 exd4 10. Qxa8 dxe3 11. fxe3 Nbd7 12. O-O-O O-O 13. Be2 c5 14. Nd5 e6 15. Qxc8 exd5 16. Qxd8 Rxd8 17. Rhf1 Ne5 18. Kb1 Rd7 19. a4 bxa4 20. Bxa6 a3 21. bxa3 Ra7 22. Bc8 Rxa3 23. Bb7 Nc4 24. Nxf7 Ne4 25. c3 Nxc3+ 26. Kc1 Ra1+ 27. Kc2 Nxe3+ 28. Kd3 Rxd1+ 29. Rxd1 Nexd1 30. Ng5 c4+ 31. Kd2 Nb2 32. Ne6 Bf6 33. Nf4 Ne4+ 34. Ke3 Nc3 35. Nxg6 d4+ 36. Kd2 d3 37. Bf3 Nca4 38. Bd5+ Kg7 39. Nf4 c3+ 40. Ke3 c2 41. Kd2 Bxh4 42. Nxh5+ Kh6 43. Nf4 Bg5 44. g3 Bxf4+ 45. gxf4 Nc3 46. Bb3 Nb1+ 47. Kc1 d2+ 0-1


[Site "https://www.chess.com"]

[Event "Titled Tuesday Blitz September 13 Early 2022"]
[White "assezde36"]
[Black "Rustemov, Alexander"]
[BlackFideId "4119002"]
[WhiteElo "2760"]
[BlackElo "2868"]
[Result "1-0"]
[Round "06"]
[TimeControl "180+1"]
[Date "2022.09.13"]
[WhiteClock "0:00:13"]
[BlackClock "0:00:04"]

1. Nf3 d5 2. e3 Nf6 3. c4 c6 4. Nc3 a6 5. b3 Bf5 6. Bb2 e6 7. Be2 h6 8. O-O Be7 9. d4 O-O 10. Bd3 Bxd3 11. Qxd3 Nbd7 12. e4 dxe4 13. Nxe4 Nxe4 14. Qxe4 Re8 15. Rfd1 Qa5 16. a3 Rad8 17. Qc2 Qh5 18. h3 Bf6 19. Rd2 Nf8 20. Rad1 Rd7 21. Qe4 Red8 22. Qe2 Ng6 23. Bc3 Qf5 24. Qd3 Qxd3 25. Rxd3 e5 26. R3d2 e4 27. Nh2 c5 28. Ba5 cxd4 29. Bxd8 Rxd8 30. Ng4 d3 31. Nxf6+ gxf6 32. f3 f5 33. Kf2 h5 34. Ke3 Re8 35. fxe4 fxe4 36. Rf2 Kg7 37. Rdf1 Re7 38. Rf5 h4 39. Rg5 Kh6 40. Rgf5 Kg7 41. c5 Nf8 42. R5f4 f5 43. Rxf5 Nd7 44. b4 Ne5 45. Kxe4 Ng4+ 46. Kxd3 Ne3 47. Rf7+ Rxf7 48. Rxf7+ Kxf7 49. Kxe3 Ke6 50. Ke4 Kf6 51. Kd5 Kf5 52. c6 bxc6+ 53. Kxc6 Kf4 54. a4 Kg3 55. b5 Kxg2 56. bxa6 Kxh3 57. a7 Kg3 58. a8=Q h3 59. Qb8+ Kg2 60. a5 h2 61. Qxh2+ 1-0


[Site "https://www.chess.com"]

[Event "Titled Tuesday Blitz September 13 Early 2022"]
[White "Andreikin, Dmitry"]
[Black "assezde36"]
[WhiteFideId "4158814"]
[WhiteElo "2736"]
[BlackElo "2770"]
[Result "1/2-1/2"]
[Round "07"]
[TimeControl "180+1"]
[Date "2022.09.13"]
[WhiteClock "0:00:56"]
[BlackClock "0:00:36"]

1. e4 d5 2. exd5 Qxd5 3. Nf3 Bg4 4. Nc3 Qe6+ 5. Qe2 Qxe2+ 6. Bxe2 Nc6 7. h3 Bf5 8. d3 Nf6 9. Be3 h6 10. g4 Bg6 11. Nd4 Nxd4 12. Bxd4 O-O-O 13. Be5 Nd7 14. Bg3 e5 15. O-O-O f6 16. f4 Bd6 17. f5 Bf7 18. a3 Bc5 19. Bf3 Bd4 20. Ne4 Nc5 21. h4 Nxe4 22. Bxe4 h5 23. g5 fxg5 24. hxg5 Be3+ 25. Kb1 Bxg5 26. Bxe5 Bf6 27. Bf4 h4 28. Rdg1 Rh5 29. Bf3 Rh7 30. Bg5 Bd5 31. Be4 h3 32. Bxf6 gxf6 33. Bxd5 Rxd5 34. Rg3 Rxf5 35. Rgxh3 Rxh3 36. Rxh3 a5 37. b3 b6 38. Rh7 Kb7 39. Rf7 Kc6 40. Kb2 Rf2 41. b4 axb4 42. axb4 Rf4 43. c4 b5 44. Kc3 bxc4 45. dxc4 Rf3+ 46. Kd4 Rf4+ 47. Kd3 Rf3+ 48. Ke4 Rf1 49. b5+ Kb6 50. Kd5 Rf5+ 51. Kd4 Rf4+ 52. Kc3 c6 53. bxc6 Kxc6 54. Rf8 Rf1 55. Kd4 Rf4+ 56. Ke3 Rxc4 57. Rxf6+ Kb5 58. Rf5+ Rc5 59. Rxc5+ Kxc5 1/2-1/2


[Site "https://www.chess.com"]

[Event "Titled Tuesday Blitz September 13 Early 2022"]
[White "Bachmann, Axel"]
[Black "Gabdrakhmanov, Azat"]
[WhiteFideId "3700488"]
[BlackFideId "34189197"]
[WhiteElo "2595"]
[BlackElo "2233"]
[Result "1-0"]
[Round "07"]
[TimeControl "180+1"]
[Date "2022.09.13"]
[WhiteClock "0:00:23"]
[BlackClock "0:00:02"]

1. e4 c5 2. Nf3 e6 3. b3 d6 4. Bb2 e5 5. Bb5+ Bd7 6. a4 Nf6 7. Nc3 Nc6 8. O-O Be7 9. h3 Nd4 10. d3 Nxb5 11. Nxb5 O-O 12. Nd2 a6 13. Nc3 b5 14. f4 exf4 15. Rxf4 b4 16. Ne2 Nh5 17. Rf1 Bg5 18. Nc4 Be6 19. Nd4 cxd4 20. Qxh5 d5 21. exd5 Qxd5 22. Kh1 g6 23. Qe2 Rae8 24. Qf3 Qxf3 25. Rxf3 Bd5 26. Rf2 Be3 27. Re2 f5 28. Rae1 f4 29. Bxd4 f3 30. Rxe3 fxg2+ 31. Kg1 Rxe3 32. Nxe3 1-0


[Site "https://www.chess.com"]

[Event "Titled Tuesday Blitz September 13 Early 2022"]
[White "Bacrot, Etienne"]
[Black "Kamsky, Gata"]
[WhiteFideId "605506"]
[BlackFideId "2000024"]
[WhiteElo "2666"]
[BlackElo "2666"]
[Result "1-0"]
[Round "07"]
[TimeControl "180+1"]
[Date "2022.09.13"]
[WhiteClock "0:01:43"]
[BlackClock "0:01:36"]

1. e4 c5 2. Nf3 e6 3. d4 cxd4 4. Nxd4 a6 5. Nc3 b5 6. Bd3 Qb6 7. Nf3 Qc7 8. e5 Nc6 9. Bf4 Bb4 10. O-O Bxc3 11. bxc3 Nge7 12. Qd2 Bb7 13. Rfe1 Nd5 14. Bg3 Nce7 15. Qg5 O-O 16. Bxh7+ Kxh7 17. Qh5+ Kg8 18. Ng5 Rfc8 19. Qxf7+ Kh8 20. Qh5+ Kg8 21. Qf7+ Kh8 22. Re4 Nf5 23. Rh4+ Nxh4 24. Qh5+ Kg8 25. Qh7+ Kf8 26. Qh8+ 1-0


[Site "https://www.chess.com"]

[Event "Titled Tuesday Blitz September 13 Early 2022"]
[White "Bagrationi, Alexander"]
[Black "Kevlishvili, Robby"]
[WhiteFideId "14104954"]
[BlackFideId "1040634"]
[WhiteElo "2398"]
[BlackElo "2585"]
[Result "1/2-1/2"]
[Round "07"]
[TimeControl "180+1"]
[Date "2022.09.13"]
[WhiteClock "0:00:08"]
[BlackClock "0:00:06"]

1. e4 c5 2. Be2 Nc6 3. f4 d5 4. d3 g6 5. Nf3 Bg7 6. O-O Bg4 7. c3 e6 8. Be3 d4 9. cxd4 Bxf3 10. Bxf3 Nxd4 11. Nc3 Ne7 12. e5 Nxf3+ 13. Qxf3 b6 14. Rfd1 Nf5 15. Qc6+ Kf8 16. Bf2 Bh6 17. g3 Kg7 18. Ne2 Re8 19. g4 Ne7 20. Qe4 Kg8 21. d4 c4 22. Bh4 Qd7 23. Bxe7 Qxe7 24. g5 Bf8 25. Rac1 b5 26. h4 Rad8 27. h5 Qd7 28. hxg6 fxg6 29. Kf2 Re7 30. a4 a6 31. axb5 axb5 32. b3 cxb3 33. Rb1 Rf7 34. Rxb3 Qa7 35. Rxb5 Be7 36. Rb7 Qa8 37. Rdb1 Bxg5 38. Qc6 Bh4+ 39. Ke3 Rxb7 40. Rxb7 Qa3+ 41. Ke4 Qh3 42. Qc7 Qg2+ 43. Kd3 Qf3+ 44. Kd2 Rxd4+ 45. Nxd4 Qxf4+ 46. Kd3 Qf1+ 47. Ne2 Qf3+ 48. Kd2 Bg5+ 49. Kd1 Qd3+ 50. Ke1 Bh4+ 51. Kf1 Qf3+ 52. Kg1 Qf2+ 53. Kh1 Qf3+ 54. Kg1 Qf2+ 55. Kh1 Qf3+ 56. Kh2 Qxe2+ 57. Kh3 Qf3+ 58. Kxh4 Qf4+ 59. Kh3 Qf3+ 60. Kh2 Qf2+ 61. Kh1 Qf1+ 62. Kh2 Qf2+ 63. Kh1 Qf1+ 64. Kh2 Qf2+ 1/2-1/2


[Site "https://www.chess.com"]

[Event "Titled Tuesday Blitz September 13 Early 2022"]
[White "Beerdsen, Thomas"]
[Black "Pranav, V"]
[WhiteFideId "1030108"]
[BlackFideId "25060783"]
[WhiteElo "2567"]
[BlackElo "2390"]
[Result "1-0"]
[Round "07"]
[TimeControl "180+1"]
[Date "2022.09.13"]
[WhiteClock "0:01:18"]
[BlackClock "0:01:15"]

1. e4 c5 2. Nf3 Nc6 3. Bc4 d6 4. O-O Nf6 5. d4 cxd4 6. Nxd4 e5 7. Nxc6 bxc6 8. Nc3 Be7 9. f4 O-O 10. Kh1 Bb7 11. fxe5 dxe5 12. Qe2 Ne8 13. Be3 Nd6 14. Bb3 a5 15. Qh5 Qc7 16. Qxe5 Kh8 17. Bxf7 Ba6 18. Bh6 Rg8 19. Bxg8 Rxg8 20. Rf7 Bf6 21. Rxf6 1-0


[Site "https://www.chess.com"]

[Event "Titled Tuesday Blitz September 13 Early 2022"]
[White "Bok, Benjamin"]
[Black "Postny, Evgeny"]
[WhiteFideId "1017063"]
[BlackFideId "2804344"]
[WhiteElo "2658"]
[BlackElo "2456"]
[Result "1-0"]
[Round "07"]
[TimeControl "180+1"]
[Date "2022.09.13"]
[WhiteClock "0:00:12"]
[BlackClock "0:00:01"]

1. d4 Nf6 2. c4 e6 3. Nc3 Bb4 4. Qc2 c5 5. dxc5 Na6 6. a3 Bxc3+ 7. Qxc3 Nxc5 8. b4 Nce4 9. Qb2 d5 10. c5 h6 11. f3 Ng5 12. Bf4 O-O 13. e3 Re8 14. Bd3 Nd7 15. Bd6 e5 16. Bb5 a6 17. Ba4 Ne6 18. Ne2 b6 19. c6 b5 20. Bb3 Nb6 21. Bxe5 Nc4 22. Bxc4 dxc4 23. c7 Nxc7 24. Bxg7 Rxe3 25. Be5 Qe7 26. Bxc7 Qxc7 27. O-O Bf5 28. Ng3 Bg6 29. f4 f5 30. Rad1 Rae8 31. Qf6 R3e6 32. Qd4 Kh7 33. h3 Qb6 34. Qxb6 Rxb6 35. Rd7+ Kg8 36. Rc7 Rbe6 37. Kh2 R8e7 38. Rc5 Rf7 39. Rd1 Re3 40. Rd6 Kh7 41. Rcc6 Rg7 42. Rf6 Rxg3 43. Kxg3 Be8+ 44. Kf2 Bxc6 45. Rxc6 Rd7 46. Rxa6 Rd2+ 47. Kf3 Rd3+ 48. Ke2 Rd4 49. g3 Rd3 50. g4 Rxh3 51. gxf5 Rb3 52. Ra7+ Kg8 53. f6 h5 54. Rg7+ Kf8 55. Rh7 Rxa3 56. Rxh5 1-0


[Site "https://www.chess.com"]

[Event "Titled Tuesday Blitz September 13 Early 2022"]
[White "Bortnyk, Olexandr"]
[Black "Livaic, Leon"]
[WhiteFideId "14120828"]
[BlackFideId "14531534"]
[WhiteElo "2723"]
[BlackElo "2540"]
[Result "0-1"]
[Round "07"]
[TimeControl "180+1"]
[Date "2022.09.13"]
[WhiteClock "0:00:15"]
[BlackClock "0:00:17"]

1. e4 e6 2. d4 d5 3. c3 dxe4 4. Nd2 Nf6 5. f3 c5 6. Nb3 cxd4 7. Nxd4 Bc5 8. fxe4 Nxe4 9. Ngf3 e5 10. Qe2 O-O 11. Nxe5 Qh4+ 12. g3 Nxg3 13. hxg3 Qxh1 14. Bf4 Bxd4 15. cxd4 Bh3 16. O-O-O Bxf1 17. Rxf1 Qd5 18. Ng4 Nd7 19. Kb1 Qf5+ 20. Ka1 Rfe8 21. Be5 Qg6 22. Qf3 h5 23. Ne3 Nxe5 24. dxe5 Rxe5 25. Nc4 Re6 26. a3 Rf6 27. Qg2 Rxf1+ 28. Qxf1 Qxg3 29. Qh1 h4 30. Qxb7 Re8 31. Qd7 Qe1+ 32. Ka2 Qe6 33. Qb5 h3 34. b3 Qe2+ 0-1


[Site "https://www.chess.com"]

[Event "Titled Tuesday Blitz September 13 Early 2022"]
[White "Demchenko, Anton"]
[Black "Shuvalova, Polina"]
[WhiteFideId "4160258"]
[BlackFideId "24171760"]
[WhiteElo "2539"]
[BlackElo "2330"]
[Result "1-0"]
[Round "07"]
[TimeControl "180+1"]
[Date "2022.09.13"]
[WhiteClock "0:00:25"]
[BlackClock "0:00:02"]

1. e4 c6 2. d4 d5 3. e5 Bf5 4. Bd3 Bxd3 5. Qxd3 e6 6. Ne2 c5 7. c3 Nc6 8. O-O Rc8 9. a3 Qb6 10. b4 cxd4 11. cxd4 a6 12. Nbc3 Nge7 13. Rd1 Nf5 14. Nxd5 Qb5 15. Qxb5 axb5 16. Ne3 Nxe3 17. fxe3 Be7 18. Bd2 Bg5 19. Rac1 Kd7 20. Nc3 Na7 21. Ne4 Be7 22. Kf2 h5 23. Ke2 f5 24. exf6 gxf6 25. Be1 b6 26. Rxc8 Nxc8 27. d5 e5 28. Bh4 f5 29. Bxe7 Nxe7 30. Nc3 Rg8 31. Kf2 Rc8 32. Nxb5 Rc2+ 33. Kg1 Re2 34. d6 Nc8 35. Rc1 Rxe3 36. Rc7+ Kd8 37. Rh7 Rd3 38. Rxh5 Rd5 39. a4 e4 40. g4 Rd1+ 41. Kf2 fxg4 42. Ke2 Rb1 43. Rh8+ Kd7 44. Rh7+ Kd8 45. Ke3 Rxb4 46. Nd4 Rxa4 47. Nc6+ Ke8 48. d7+ 1-0


[Site "https://www.chess.com"]

[Event "Titled Tuesday Blitz September 13 Early 2022"]
[White "Dubov, Daniil"]
[Black "Oparin, Grigoriy"]
[WhiteFideId "24126055"]
[BlackFideId "24125890"]
[WhiteElo "2791"]
[BlackElo "2639"]
[Result "1-0"]
[Round "07"]
[TimeControl "180+1"]
[Date "2022.09.13"]
[WhiteClock "0:00:04"]
[BlackClock "0:00:01"]

1. e4 c5 2. Nf3 d6 3. Bb5+ Bd7 4. Bxd7+ Nxd7 5. c3 Ngf6 6. Qe2 e6 7. d4 Be7 8. e5 Nd5 9. c4 N5b6 10. Bf4 g5 11. Bg3 g4 12. Nfd2 cxd4 13. exd6 Bf6 14. Qxg4 h5 15. Qf3 h4 16. Bf4 Ne5 17. Bxe5 Bxe5 18. c5 Nd5 19. O-O Bg7 20. Re1 O-O 21. Ne4 b6 22. c6 f5 23. c7 Qd7 24. Ng5 Rae8 25. Rxe6 Nxc7 26. dxc7 Rxe6 27. Qb3 Re8 28. Nd2 Kh8 29. Nxe6 Rxe6 30. Rc1 Re8 31. Nf3 d3 32. h3 d2 33. Nxd2 Rc8 34. Qc2 Bh6 35. Qc3+ Kh7 36. Rc2 Bxd2 37. Rxd2 Qxc7 38. Qd4 Qc1+ 39. Rd1 Qc7 40. Qxh4+ Kg6 41. Qd4 Qf7 42. b3 Rc6 43. Rd3 Re6 44. Rg3+ Kh5 45. Qf4 Qf6 46. Qf3+ Kh6 47. Qf4+ Kh7 48. Kh2 Re4 49. Qc7+ Re7 50. Qf4 Re4 51. Qf3 Kh6 52. Rg4 Qe5+ 53. Rg3 Qf6 54. Qc3 Qxc3 55. Rxc3 Re2 56. a4 Rxf2 57. Rf3 Rb2 58. Rxf5 Rxb3 59. a5 b5 60. Rf7 a6 61. Ra7 Kg5 62. Rxa6 Ra3 63. Ra8 b4 64. a6 Kg6 65. a7 Kg7 66. Rb8 1-0


[Site "https://www.chess.com"]

[Event "Titled Tuesday Blitz September 13 Early 2022"]
[White "Fernandez Guillen, Ernesto J."]
[Black "Turutin, Alexander"]
[WhiteFideId "3512428"]
[BlackFideId "4180623"]
[WhiteElo "2422"]
[BlackElo "2402"]
[Result "1-0"]
[Round "07"]
[TimeControl "180+1"]
[Date "2022.09.13"]
[WhiteClock "0:02:04"]
[BlackClock "0:00:51"]

1. e4 c6 2. d4 d5 3. e5 c5 4. dxc5 e6 5. a3 Bxc5 6. Qg4 Ne7 7. b4 Bb6 8. Nf3 O-O 9. Bd3 Ng6 10. Qh5 Nd7 11. Bb2 f5 12. Ng5 h6 13. Nxe6 Bxf2+ 14. Kf1 Qb6 15. Qxg6 Rf7 16. Nf4 1-0


[Site "https://www.chess.com"]

[Event "Titled Tuesday Blitz September 13 Early 2022"]
[White "Goltsev, Dmitry"]
[Black "Weetik, Vjacheslav"]
[WhiteFideId "24176710"]
[BlackFideId "4153472"]
[WhiteElo "2257"]
[BlackElo "2469"]
[Result "1-0"]
[Round "07"]
[TimeControl "180+1"]
[Date "2022.09.13"]
[WhiteClock "0:01:50"]
[BlackClock "0:00:23"]

1. e4 c5 2. Nf3 Nc6 3. d4 cxd4 4. Nxd4 g6 5. Nc3 Bg7 6. Be3 Nf6 7. Be2 O-O 8. O-O d5 9. exd5 Nxd5 10. Nxd5 Qxd5 11. Bf3 Qc4 12. Nxc6 bxc6 13. c3 Bf5 14. Qb3 Qa6 15. Qb4 Rab8 16. Qxe7 Rxb2 17. Qxa7 Qxa7 18. Bxa7 Bxc3 19. Bxc6 Rd8 20. a4 Ba5 21. Be3 h5 22. h3 h4 23. Rfd1 Rc8 24. Bb5 f6 25. Bd4 Bc3 26. Rac1 Bxd4 27. Rxc8+ Bxc8 28. Rxd4 Bf5 29. Rxh4 Kg7 30. Rd4 Bc2 31. Rd2 Rb1+ 32. Kh2 Bb3 33. Rd7+ Kh6 34. Rd6 Kg7 35. Kg3 Ra1 36. Ra6 g5 37. Ra7+ Kg6 38. Bd3+ f5 39. Ra6+ Kg7 40. Bxf5 Bxa4 41. Bd7 Ra3+ 42. f3 1-0


[Site "https://www.chess.com"]

[Event "Titled Tuesday Blitz September 13 Early 2022"]
[White "Gurel, Ediz"]
[Black "Ibrahimli, Murad"]
[WhiteFideId "44507356"]
[BlackFideId "13410229"]
[WhiteElo "1894"]
[BlackElo "2109"]
[Result "1/2-1/2"]
[Round "07"]
[TimeControl "180+1"]
[Date "2022.09.13"]
[WhiteClock "0:00:13"]
[BlackClock "0:00:08"]

1. e4 c5 2. Nf3 d6 3. d4 cxd4 4. Nxd4 Nf6 5. Nc3 a6 6. Be3 Ng4 7. Bg5 h6 8. Bh4 g5 9. Bg3 Bg7 10. Be2 h5 11. h3 h4 12. hxg4 hxg3 13. Rxh8+ Bxh8 14. fxg3 Nc6 15. Nb3 Be5 16. Kf2 Qb6+ 17. Kf3 Be6 18. Nd5 Bxd5 19. exd5 Nb8 20. Qd2 Bf6 21. c3 Nd7 22. Qe3 Ne5+ 23. Kf2 Qc7 24. Rh1 O-O-O 25. Nd4 Kb8 26. Nb3 Qd7 27. Qe4 Qc7 28. Qe3 Rc8 29. Rh7 Qd8 30. Qe4 Qb6+ 31. Qe3 Qd8 32. Qe4 Qg8 33. Rh1 Qe8 34. Rh7 Rc7 35. Rh1 Qc8 36. Qf5 Qe8 37. Qe4 Ka8 38. Rh7 Qc8 39. Rh1 Qb8 40. Rh7 Rc8 41. Rh1 Rc7 42. Rh7 Qc8 43. Qf5 Qb8 44. Qe4 1/2-1/2


[Site "https://www.chess.com"]

[Event "Titled Tuesday Blitz September 13 Early 2022"]
[White "Indjic, Aleksandar"]
[Black "Grover, Sahaj"]
[WhiteFideId "911925"]
[BlackFideId "5021103"]
[WhiteElo "2592"]
[BlackElo "2432"]
[Result "1-0"]
[Round "07"]
[TimeControl "180+1"]
[Date "2022.09.13"]
[WhiteClock "0:01:25"]
[BlackClock "0:00:26"]

1. e4 e5 2. Nf3 Nc6 3. Bb5 a6 4. Ba4 Nf6 5. O-O Bc5 6. Bxc6 dxc6 7. d3 Qe7 8. Be3 Bd6 9. h3 h6 10. Nc3 Be6 11. Nd2 g5 12. Nc4 g4 13. Nxd6+ cxd6 14. h4 g3 15. fxg3 Ng4 16. Qf3 Rg8 17. b4 f6 18. a4 Kf7 19. Bb6 Rac8 20. Nd1 d5 21. Bc5 Qd8 22. a5 Rg6 23. Ne3 Nxe3 24. Qxe3 d4 25. Qf2 h5 26. Kh2 Qd7 27. Rac1 Rcg8 28. c3 dxc3 29. Rxc3 Rxg3 30. Qxf6+ 1-0


[Site "https://www.chess.com"]

[Event "Titled Tuesday Blitz September 13 Early 2022"]
[White "Jobava, Baadur"]
[Black "Harsha Bharathakoti"]
[WhiteFideId "13601520"]
[BlackFideId "5078776"]
[WhiteElo "2582"]
[BlackElo "2523"]
[Result "0-1"]
[Round "07"]
[TimeControl "180+1"]
[Date "2022.09.13"]
[WhiteClock "0:00:05"]
[BlackClock "0:00:27"]

1. b3 d5 2. Bb2 Bf5 3. d3 e6 4. Nd2 h6 5. e4 Bh7 6. g3 Nf6 7. Bg2 a5 8. a3 c6 9. Nh3 Bc5 10. O-O dxe4 11. dxe4 Bd4 12. Bxd4 Qxd4 13. Nc4 Qxd1 14. Raxd1 Ke7 15. Nd6 Ra7 16. e5 Nfd7 17. Rd2 Nxe5 18. Nf4 Nbd7 19. Re1 g5 20. Ne2 Nd3 21. cxd3 Kxd6 22. d4 Nf6 23. Nc3 Rd8 24. Rc1 Ke7 25. Na4 Be4 26. Bf1 Bd5 27. Rb2 g4 28. Nc5 b6 29. Nd3 Be4 30. Ne5 Rxd4 31. Nxc6+ Bxc6 32. Rxc6 Rd6 33. Rc1 Ne4 34. Be2 h5 35. Kg2 Rad7 36. Bb5 Rd8 37. Re2 Ng5 38. Rec2 Rd1 39. Rxd1 Rxd1 40. h4 Nf3 41. Rc7+ Kd8 0-1


[Site "https://www.chess.com"]

[Event "Titled Tuesday Blitz September 13 Early 2022"]
[White "Kalogeris, Ioannis"]
[Black "Zierk, Steven"]
[WhiteFideId "4239563"]
[BlackFideId "2034255"]
[WhiteElo "2291"]
[BlackElo "2494"]
[Result "1/2-1/2"]
[Round "07"]
[TimeControl "180+1"]
[Date "2022.09.13"]
[WhiteClock "0:00:14"]
[BlackClock "0:00:02"]

1. e4 c6 2. d4 d5 3. Nc3 dxe4 4. Nxe4 Nf6 5. Nxf6+ exf6 6. Nf3 Bd6 7. c3 O-O 8. Bd3 Bg4 9. Be3 Nd7 10. h3 Bh5 11. g4 Bg6 12. h4 Re8 13. Qd2 Be4 14. Bxe4 Rxe4 15. Rg1 Qa5 16. Qd3 f5 17. gxf5 Qxf5 18. Nd2 Rxe3+ 19. Qxe3 Bf4 20. Qe2 Nf6 21. Kd1 Bxd2 22. Qxd2 Ne4 23. Qe3 Re8 24. Kc1 Re6 25. f3 Ng3 26. Qg5 Qxg5+ 27. hxg5 Ne2+ 28. Kd2 Nxg1 29. Rxg1 h5 30. gxh6 Rxh6 31. Rg2 f6 32. Ke3 Kf7 33. c4 Rh1 34. Rd2 Re1+ 35. Kf2 Ra1 36. b3 Ke6 37. Ke3 g5 38. d5+ cxd5 39. cxd5+ Kd6 40. Ke4 Rf1 41. Rd3 Ke7 42. d6+ Ke6 43. Ke3 Kd7 44. Ke4 Ke6 45. Ke3 Kd7 46. Ke4 Ke6 1/2-1/2


[Site "https://www.chess.com"]

[Event "Titled Tuesday Blitz September 13 Early 2022"]
[White "Korchmar, Vasiliy"]
[Black "Visakh N R"]
[WhiteFideId "24131750"]
[BlackFideId "25012223"]
[WhiteElo "2370"]
[BlackElo "2448"]
[Result "1-0"]
[Round "07"]
[TimeControl "180+1"]
[Date "2022.09.13"]
[WhiteClock "0:00:03"]
[BlackClock "0:00:39"]

1. e4 c5 2. Nf3 d6 3. d4 cxd4 4. Nxd4 Nf6 5. Nc3 a6 6. f3 e6 7. Be3 Be7 8. g4 Nfd7 9. Qd2 b5 10. g5 Bb7 11. h4 Ne5 12. f4 Nec6 13. O-O-O Nd7 14. h5 Nc5 15. a3 Rc8 16. Rg1 Nxd4 17. Bxd4 Nxe4 18. Nxe4 Bxe4 19. Bd3 Bxd3 20. Qxd3 e5 21. Bc3 Qc7 22. g6 hxg6 23. hxg6 Qc4 24. gxf7+ Kf8 25. Qxc4 Rxc4 26. fxe5 dxe5 27. Bxe5 Rh5 28. Bxg7+ Kxf7 29. Bc3 Rf5 30. Kb1 Bf6 31. Bxf6 Rxf6 32. Rd7+ Ke6 33. Rgd1 Rc6 34. c3 Rf7 35. Rxf7 Kxf7 36. Re1 Rf6 37. Kc2 Rf2+ 38. Kb3 Rh2 39. Re4 Rg2 40. a4 bxa4+ 41. Rxa4 Rg6 42. Re4 Rb6+ 43. Ka3 a5 44. b3 Kf6 45. c4 Rc6 46. Ka4 Rc5 47. Re8 Kf7 48. Ra8 1-0


[Site "https://www.chess.com"]